 Dungeon Sprint DCSS version 0.30-a0-778-g2ef04afb54 (webtiles) character file.

Game seed: 1955380161418375378

32980 BigDaddyOpFi the Executioner (level 13, -15/144 HPs)
             Began as a Hill Orc Fighter on Feb 15, 2023.
             Was a Believer of Ashenzari.
             Demolished by Donald
             ... wielding a +0 demon trident of electrocution
              (25 damage)
             ... in the Dungeon (Sprint VII: "The Pits").
             The game lasted 00:11:31 (7436 turns).

BigDaddyOpFi the Executioner (Hill Orc Fighter)     Turns: 7436, Time: 00:11:32

Health: -15/144    AC: 30    Str: 27    XL:     13   Next: 68%
Magic:  13/13      EV: 10    Int:  8    God:    Ashenzari [**....]
Gold:   47         SH: 21    Dex: 10    Spells: 12/12 levels left

rFire   . . .      SeeInvis +    a - +2 war axe of the Ruined Firmament {heavy, Melee, Cun} (curse)
rCold   . . .      Faith    .    e - +1 tower shield
rNeg    . . .      Spirit   .    y - +5 plate armour
rPois   .          Reflect  .    (no helmet)
rElec   .          Harm     .    n - +0 cloak of Ashenzari's Seeker {Comp, Cun} (curse)
rCorr   .          Rampage  .    p - +0 pair of gloves of the Cursed Black Moon {Bglg, Cun} (curse)
Will    .....      NoTele   +    x - +1 pair of boots Stlth
                                 (no amulet)
HPRegen 0.44/turn                b - +3 ring of evasion
MPRegen 0.13/turn                l - +3 ring of strength

@: on berserk cooldown, slowed, very slow
A: no striking features
a: Renounce Religion, Shatter the Chains


You were in the Dungeon.
You worshipped Ashenzari.
Ashenzari was pleased with you.
You visited 1 branch You collected 47 gold pieces.

Inventory:

Hand Weapons
 a - the cursed +2 war axe of the Ruined Firmament (weapon) {heavy, Melee, Cun}
   (You found it in the Dungeon)

   It has a curse which improves the following skills: Melee Combat: Short
   Blades, Long Blades, Axes, Maces & Flails, Polearms, Staves and Unarmed
   Combat.
   Cunning:   Dodging and Stealth.
Armour
 e - a +1 tower shield (worn)
 g - a +1 cloak
 j - the +2 pair of gloves of Layc {Will+ Int-4 Dex+5}
   (You found it in the Dungeon)

   Int:       It affects your intelligence (-4).
   Dex:       It affects your dexterity (+5).
   Will:      It increases your willpower.
 n - the cursed +0 cloak of Ashenzari's Seeker (worn) {Comp, Cun}
   (You found it in the Dungeon)

   It has a curse which improves the following skills: Companions: Summonings
   and Necromancy.
   Cunning:   Dodging and Stealth.
 p - the cursed +0 pair of gloves of the Cursed Black Moon (worn) {Bglg, Cun}
   (You found it in the Dungeon)

   It has a curse which improves the following skills: Beguiling: Conjurations,
   Hexes and Translocations.
   Cunning:   Dodging and Stealth.
 x - a +1 pair of boots (worn)
 y - a +5 plate armour (worn)
Jewellery
 b - a +3 ring of evasion (left hand)
 l - a +3 ring of strength (right hand)
 t - a ring of willpower
 w - a ring of protection from fire
Wands
 f - a wand of digging (6)
Scrolls
 q - 2 scrolls of enchant weapon
 r - a scroll of fog
 s - a scroll of fear
 u - a scroll of magic mapping
Potions
 h - 4 potions of magic
 k - 2 potions of invisibility
 m - a potion of might
 v - a potion of flight


   Skills:
 + Level 21.6 Fighting
 + Level 23.1(24.1) Axes
 + Level 20.0 Armour
 + Level 20.0 Shields


You had 12 spell levels left.
You didn't know any spells.
Your spell library contained the following spells:

 Spells                   Type           Power      Damage    Failure   Level
 Frozen Ramparts          Ice            0%         1d1       100%        3
 Ice Form                 Ice/Tmut       0%         N/A       100%        4
 Summon Ice Beast         Ice/Summ       0%         N/A       100%        4


Dungeon Overview and Level Annotations

Branches:
Dungeon (1/1)

Altars:
Ashenzari
Cheibriados
Dithmenos
Elyvilon
Fedhas
Gozag
Hepliaklqana
Kikubaaqudgha
Makhleb
Nemelex Xobeh
Okawaru
Qazlal
Ru
Sif Muna
Trog
Uskayaw
Vehumet
Wu Jian
Xom
Yredelemnul
Zin
The Shining One
Beogh
Jiyva
Lugonu

Annotations:
D Donald


Message History

You chop the balrug into pieces!!!
You kill the balrug!
You block Donald's attack.
Your life force feels restored.
You slice the naga warrior!!
The naga warrior is moderately wounded.
You block Donald's attack.
You slice the naga warrior!!
The naga warrior is almost dead.
You block Donald's attack. The naga warrior barely misses you.
You block the naga warrior's attack.
You slice the naga warrior!!
You kill the naga warrior!
You block Donald's attack.
Your Armour skill increases to level 20!
Your Shields skill increases to level 20!
Donald closely misses you.
Items here: )))) [ ††.
You closely miss Donald.
You are no longer berserk.
You are exhausted.
You feel yourself slow down. You block Donald's attack.
You hit Donald but do no damage. You block Donald's attack. x3
Okay, then.
You feel better. You block Donald's attack.
Donald hits you with a +0 demon trident of electrocution!!
* * * LOW HITPOINT WARNING * * *
You feel better. Donald hits you but does no damage. x2
You feel better. Donald closely misses you. Donald barely misses you.
You feel better.
Donald is no longer moving quickly.
Donald gestures wildly while chanting.
Donald seems to speed up.
Donald hits you with a +0 demon trident of electrocution!
* * * LOW HITPOINT WARNING * * *
You block Donald's attack.
You feel better.
Donald hits you with a +0 demon trident of electrocution!
* * * LOW HITPOINT WARNING * * *
Donald hits you with a +0 demon trident of electrocution!!
You die...

** #++###########################
,, #............)................
* *#.....[......)..)[)..)........
#..##############''########### *,
#..#∆∆+...+∆∆#..))....#.['...'
*#..#∆ #...#,,#...)....#[[#...#
,*#..####...#######..#######...#
* #..#.........#.....)..#.......
, #).#.........@.....)..........
#..#........@#........#.......
####))##+###+##.####..####.##'###
...)..#∆, #.# #### #.#[[#[[
.)....#∆ , ,#.+, +.#[.#[. #######
###* * ########
################## * *
..##)[..)'...'...#* , , , , ,
.#*#)..[!##.##.))# *,, ,


You could see Donald (fast, strong).

Vanquished Creatures
  A deep elf blademaster (D)
  2 orc warlords (D)
  A balrug (D)
  A minotaur (D)
  Josephine (D)
  2 yaktaur captains (D)
  3 great orbs of eyes (D)
  2 vault guards (D)
  A hydra (D)
  A centaur warrior (D)
  2 boulder beetles (D)
  3 naga warriors (D)
  Urug (D)
  A deep elf knight (D)
  A sun demon (D)
  A deep troll (D)
  A phantasmal warrior (D)
  A swamp dragon (D)
  A bog body (D)
  A necromancer (D)
  10 orc knights (D)
  3 orc sorcerers (D)
  A salamander (D)
  2 demonic crawlers (D)
  5 elephants (D)
  A black mamba (D)
  A molten gargoyle (D)
  A gargoyle (D)
  A komodo dragon (D)
  4 yaktaurs (D)
  A rime drake (D)
  A hornet (D)
  A snapping turtle (D)
  2 tarantellas (D)
  A jumping spider (D)
  A ynoxinul (D)
  6 wraiths (D)
  A vampire (D)
  A fire elemental (D)
  3 yaks (D)
  A basilisk (D)
  4 redbacks (D)
  3 nagas (D)
  An acid dragon (D)
  A large abomination (D)
  2 floating eyes (D)
  An ice beast (D)
  A sky beast (D)
  7 wolves (D)
  A kobold brigand (D)
  A scorpion (D)
  A gnoll sergeant (D)
  3 wights (D)
  A crimson imp (D)
  3 jellies (D)
  An iron imp (D)
  An iguana (D)
  2 orc wizards (D)
  3 gnolls (D)
  A river rat (D)
  A white imp (D)
  An ufetubus (D)
  An adder zombie (D)
  An adder simulacrum (D)
  2 orcs (D)
  2 ball pythons (D)
  An endoplasm (D)
  2 giant cockroaches (D)
  A hobgoblin (D)
  3 quokkas (D)
  A ball python skeleton (D)
  A ball python zombie (D)
  A bat (D)
  A frilled lizard (D)
  A quokka skeleton (D)
  A rat (D)
135 creatures vanquished.

Notes
Turn   | Place    | Note
-------+----------+-------------------------------------------
     0 | D        | BigDaddyOpFi the Hill Orc Fighter began the quest for the
                  | Orb.
     0 | D        | Reached XP level 1. HP: 19/19 MP: 1/1
    10 | D        | Reached skill level 3 in Axes
    14 | D        | Found a bloodstained altar of Trog.
    14 | D        | Found a shimmering blue altar of Sif Muna.
    14 | D        | Found a viscous altar of Jiyva.
    14 | D        | Found a hazy altar of Hepliaklqana.
    14 | D        | Found an opulent altar of Gozag.
    15 | D        | Found a glowing golden altar of the Shining One.
    15 | D        | Found a glowing silver altar of Zin.
    15 | D        | Found a basalt altar of Yredelemnul.
    15 | D        | Found a shimmering altar of Xom.
    15 | D        | Found an ornate altar of the Wu Jian Council.
    15 | D        | Found a sacrificial altar of Ru.
    15 | D        | Found a stormy altar of Qazlal.
    15 | D        | Found an iron altar of Okawaru.
    15 | D        | Found a sparkling altar of Nemelex Xobeh.
    15 | D        | Found a burning altar of Makhleb.
    15 | D        | Found a blossoming altar of Fedhas.
    15 | D        | Found a white marble altar of Elyvilon.
    15 | D        | Found a shadowy altar of Dithmenos.
    15 | D        | Found a snail-covered altar of Cheibriados.
    16 | D        | Found a radiant altar of Vehumet.
    16 | D        | Found a corrupted altar of Lugonu.
    16 | D        | Found a roughly hewn altar of Beogh.
    19 | D        | Found a broken altar of Ashenzari.
    19 | D        | Found an ancient bone altar of Kikubaaqudgha.
    19 | D        | Found a hide-covered altar of Uskayaw.
    27 | D        | Became a worshipper of Ashenzari the Shackled
    58 | D        | Noticed a scorpion
    70 | D        | Killed a scorpion
    71 | D        | Reached skill level 5 in Fighting
    71 | D        | Reached skill level 5 in Axes
    71 | D        | Reached skill level 5 in Armour
    71 | D        | Reached skill level 5 in Shields
    71 | D        | Reached XP level 2. HP: 6/30 MP: 2/2
    71 | D        | Reached XP level 3. HP: 7/37 MP: 3/3
    71 | D        | Reached XP level 4. HP: 9/44 MP: 4/4
    74 | D        | HP: 2/44 [poisoned by a scorpion]
   353 | D        | Noticed a floating eye
   358 | D        | Killed a floating eye
   359 | D        | Reached skill level 7 in Axes
   359 | D        | Reached XP level 5. HP: 32/52 MP: 5/5
   595 | D        | Reached skill level 8 in Axes
   595 | D        | Reached XP level 6. HP: 40/61 MP: 6/6
   618 | D        | Noticed a sky beast
   626 | D        | Reached skill level 9 in Axes
   636 | D        | Killed a sky beast
   637 | D        | Reached skill level 10 in Axes
   637 | D        | Reached XP level 7. HP: 34/70 MP: 7/7
   860 | D        | Reached skill level 10 in Fighting
   862 | D        | Noticed a sun demon
   883 | D        | Killed a sun demon
   884 | D        | Reached skill level 12 in Axes
   884 | D        | Reached skill level 10 in Armour
   884 | D        | Reached skill level 10 in Shields
   884 | D        | Reached XP level 8. HP: 37/82 MP: 8/8
  1243 | D        | Noticed a hornet
  1248 | D        | Killed a hornet
  1521 | D        | Noticed a necromancer
  1521 | D        | Noticed a deep troll
  1530 | D        | Killed a necromancer
  1531 | D        | Reached skill level 13 in Axes
  1531 | D        | Reached XP level 9. HP: 34/92 MP: 9/9
  1537 | D        | Killed a deep troll
  1538 | D        | Reached skill level 14 in Axes
  1759 | D        | Noticed a demonic crawler
  1759 | D        | Noticed an orc sorcerer
  1760 | D        | Noticed a sun demon
  1765 | D        | Killed an orc sorcerer
  1773 | D        | Killed a demonic crawler
  1774 | D        | Reached XP level 10. HP: 52/102 MP: 10/10
  2170 | D        | Noticed an orc sorcerer
  2176 | D        | Killed an orc sorcerer
  2177 | D        | Reached skill level 15 in Axes
  2334 | D        | Noticed Urug
  2334 | D        | Noticed an orc sorcerer
  2335 | D        | Noticed a smoke demon
  2343 | D        | Killed Urug
  2349 | D        | Killed an orc sorcerer
  2350 | D        | Reached skill level 15 in Fighting
  2350 | D        | Reached skill level 16 in Axes
  2590 | D        | Noticed a phantasmal warrior
  2590 | D        | Noticed a boulder beetle
  2595 | D        | Noticed Josephine
  2600 | D        | Killed a phantasmal warrior
  2604 | D        | Killed Josephine
  2605 | D        | Reached skill level 17 in Axes
  2605 | D        | Reached XP level 11. HP: 74/114 MP: 11/11
  2611 | D        | Killed a boulder beetle
  2612 | D        | Reached skill level 15 in Armour
  2832 | D        | Noticed a boulder beetle
  2832 | D        | Noticed a swamp dragon
  2832 | D        | Noticed a minotaur
  2837 | D        | Reached skill level 15 in Shields
  2847 | D        | Killed a minotaur
  2856 | D        | Killed a boulder beetle
  2859 | D        | Reached skill level 18 in Axes
  2865 | D        | Killed a swamp dragon
  2867 | D        | HP: 5/116 [something (9)]
  2867 | D        | HP: 1/116 [poison (poison gas)]
  3328 | D        | Noticed a six-headed hydra
  3344 | D        | Killed a nine-headed hydra
  3350 | D        | Noticed a bog body
  3359 | D        | Killed a bog body
  3691 | D        | Reached * piety under Ashenzari
  3700 | D        | Reached skill level 19 in Axes
  3819 | D        | Reached ** piety under Ashenzari
  3877 | D        | Reached XP level 12. HP: 123/127 MP: 12/12
  4568 | D        | Noticed a centaur warrior
  4579 | D        | Killed a centaur warrior
  4580 | D        | Reached skill level 20 in Axes
  5300 | D        | Noticed a great orb of eyes
  5300 | D        | Noticed a naga warrior
  5301 | D        | Noticed an orc warlord
  5301 | D        | Noticed an orc warlord
  5310 | D        | Killed a great orb of eyes
  5314 | D        | Noticed a naga warrior
  5317 | D        | HP: 6/130 [orc warlord/+0 war axe (10)]
  5542 | D        | Killed an orc warlord
  5951 | D        | Reached skill level 21 in Axes
  5957 | D        | Killed a naga warrior
  6141 | D        | Killed a naga warrior
  6282 | D        | Noticed a vault guard
  6303 | D        | Killed a vault guard
  6305 | D        | Reached XP level 13. HP: 90/139 MP: 13/13
  6317 | D        | Killed an orc warlord
  6339 | D        | Noticed a yaktaur captain
  6352 | D        | Noticed a yaktaur captain
  6352 | D        | Noticed a vault guard
  6354 | D        | HP: 7/140 [yaktaur captain/bolt (11)]
  6400 | D        | Reached skill level 22 in Axes
  6441 | D        | Killed a vault guard
  6453 | D        | Killed a yaktaur captain
  6922 | D        | Noticed a great orb of eyes
  6939 | D        | Killed a great orb of eyes
  6995 | D        | Killed a yaktaur captain
  7289 | D        | Noticed a great orb of eyes
  7298 | D        | Killed a great orb of eyes
  7322 | D        | Identified the +2 pair of gloves of Layc {Will+ Int-4
                  | Dex+5}
  7407 | D        | Noticed Donald
  7407 | D        | Noticed a balrug
  7407 | D        | Noticed a deep elf blademaster
  7421 | D        | Killed a deep elf blademaster
  7422 | D        | Reached skill level 23 in Axes
  7425 | D        | Killed a balrug
  7436 | D        | Demolished by Donald

Illustrated notes

Levels and vault maps discovered:
D:        pitsprint [storerooms_1, entrance_room_1, metal_vault_2, armoury_2,
          mini_pit_1, grid_room_1, main_hall_1, silver_pit, the_coven_1,
          the_vestibule_1, steel_vault_1, golden_pit, hallway_of_sentries,
          crystal_vault_2, iron_vault_5, final_vault]

Skill      XL: |  1  2  3  4  5  6  7  8  9 10 11 12 13 |
---------------+----------------------------------------+-----
Fighting       | 5 7 8 9 11 12 13 15 17 20 21 | 21.6
Axes           | 5 7 8 10 12 13 14 17 19 21 23 | 23.1
Armour         | 5 6 7 8 10 11 12 14 16 18 20 | 20.0
Shields        | 5 6 7 8 10 11 12 14 16 18 20 | 20.0

Action                     |  1- 3 |  4- 6 |  7- 9 | 10-12 | 13-15 || total
---------------------------+-------+-------+-------+-------+-------++-------
  Melee: War axe           |    10 |    66 |    80 |   215 |    87 ||   458
 Invoke: Curse Item        |     1 |       |       |     4 |       ||     5
         Shatter the Chain |       |       |     1 |       |     1 ||     2
    Use: Potion            |     3 |       |     8 |    19 |     9 ||    39
         Scroll            |       |       |       |     2 |     1 ||     3
 Armour: Scale mail        |     2 |     8 |       |       |       ||    10
         Chain mail        |       |    20 |    56 |   154 |    19 ||   249
         Plate armour      |       |       |       |       |     9 ||     9
  Dodge: Dodged            |     5 |    19 |    46 |   151 |    35 ||   256
  Block: Buckler           |     4 |     8 |    39 |   125 |    19 ||   195
         Tower shield      |       |       |       |       |    37 ||    37

Table legend: (Time is in decaauts)
 A = Elapsed time spent in this place.
 B = Non-inter-level travel time spent in this place.
 C = Inter-level travel time spent in this place.
 D = Time resting spent in this place.
 E = Time spent auto-exploring this place.
 F = Levels seen in this place.
 G = Mean time per level.
                   A        B        C        D        E       F      G
               +--------+--------+--------+--------+--------+-----+--------+
         Total |   7462 |   7397 |     65 |   5796 |      0 |   1 | 7462.0 |
       Dungeon |   7462 |   7397 |     65 |   5796 |      0 |   1 | 7462.0 |
               +--------+--------+--------+--------+--------+-----+--------+

Top non-repeatable levels by time:
       D: 7462 daAuts
